 Dungeon Crawl Stone Soup version 0.23-a0-690-g0a1fc62 (console) character file.

8 Duffy the Firebug (level 2, 6/19 HPs)
             Began as a Demonspawn Fire Elementalist on Jan 11, 2019.
             Quit the game on level 1 of the Dungeon.
             The game lasted 00:00:28 (237 turns).

Duffy the Firebug (Demonspawn Fire Elementalist)     Turns: 237, Time: 00:00:29

Health: 6/19       AC:  2    Str:  8    XL:     2   Next: 0%
Magic:  1/5        EV: 12    Int: 16    God:
Gold:   0          SH:  0    Dex: 13    Spells: 4/5 levels left

rFire    . . .     SeeInvis .   (no weapon)
rCold    . . .     Gourm    .   (no shield)
rNeg     . . .     Faith    .   a - +0 robe
rPois    .         Spirit   .   (no helmet)
rElec    .         Reflect  .   (no cloak)
rCorr    .         Harm     .   (no gloves)
MR       .....                  (no boots)
Stlth    ++........             (no amulet)
HPRegen  0.06/turn              (no ring)
MPRegen  0.09/turn              (no ring)

@: no status effects
A: hooves 1
a: no special abilities


You were on level 1 of the Dungeon.
You were not hungry.

You visited 1 branch of the dungeon, and saw 1 of its levels.

Inventory:

Armour
 a - a +0 robe (worn)
Potions
 b - 2 potions of heal wounds {unknown}
Comestibles
 c - a ration
 d - 3 chunks of flesh


   Skills:
 - Level 1.7 Dodging
 - Level 1.7 Stealth
 - Level 2.0 Spellcasting
 + Level 2.1 Conjurations
 - Level 2.6 Fire Magic


You had 4 spell levels left.
You knew the following spells:

 Your Spells              Type           Power        Failure   Level  Hunger
h - Flame Tongue          Conj/Fire      #....        8%          1    #......

Your spell library contained the following spells:

 Spells                   Type           Power        Failure   Level  Hunger
 Throw Flame              Conj/Fire      #.....       12%         2    ###....
 Conjure Flame            Conj/Fire      #.......     24%         3    ###....
 Inner Flame              Hex/Fire       #.......     34%         3    ###....
 Sticky Flame             Conj/Fire      #.......     61%         4    #####..
 Fireball                 Conj/Fire      #.........   91%         5    ######.


Dungeon Overview and Level Annotations

Branches:
Dungeon (1/15)

Altars:


Innate Abilities, Weirdness & Mutations

You have large cloven feet.


Message History

Casting: Flame Tongue (safe; 8% risk of failure)
Confirm with . or Enter, or press ? or * to list all spells.
Aiming: Flame Tongue (safe; 8% risk of failure)
Press: ? - help, Shift-Dir - straight line, f - jackal
Aim: a jackal (hasn't noticed you)
The flame tongue hits the jackal.
The jackal is heavily wounded.
The jackal barks!
Casting: Flame Tongue (safe; 8% risk of failure)
Confirm with . or Enter, or press ? or * to list all spells.
Aiming: Flame Tongue (safe; 8% risk of failure)
Press: ? - help, Shift-Dir - straight line, f/p - jackal
Aim: a jackal (heavily wounded)
The flame tongue hits the jackal.
You kill the jackal!
You have reached level 2!
You feel monstrous as your demonic heritage exerts itself.
Your demonic ancestry asserts itself...
Your feet thicken and deform.
Are you sure you want to abandon this character and quit the game? (Confirm with "yes".)

#####.# #.# #.# #.#
#.# #.# #.#
#.#################h#
#..........%.@....hh.
###################.#


You could see 3 jackals.

Vanquished Creatures
  A goblin (D:1)
  A hobgoblin (D:1)
  4 jackals (D:1)
6 creatures vanquished.

Notes
Turn   | Place    | Note
-------+----------+-------------------------------------------
     0 | D:1      | Duffy the Demonspawn Fire Elementalist began the quest for
                  | the Orb.
     0 | D:1      | Reached XP level 1. HP: 13/13 MP: 3/3
   236 | D:1      | Gained mutation: You have large cloven feet. [demonic
                  | ancestry]
   236 | D:1      | Reached XP level 2. HP: 6/19 MP: 1/5
   237 | D:1      | Quit the game

Vault maps used:
D:1:      giann_forest_graveyard, minmay_rat_gold_closets

Skill      XL: |  1 |
---------------+----+-----
Conjurations   | 2 |  2.1
Dodging        | |  1.7
Stealth        | |  1.7
Spellcasting   | |  2.0
Fire Magic     | |  2.6

Action                   || total
-------------------------++-------
Melee: Unarmed           ||     9
 Cast: Flame Tongue      ||    12
Dodge: Dodged            ||    15

Table legend:
 A = Non-vault XP
 B = Vault XP
 C = Vault XP percentage of total XP
 D = Non-vault monster count
 E = Vault monster count
 F = Vault count percentage of total count
                 A         B        C        D         E       F
            +---------+---------+-------+---------+---------+-------
      Total |      12 |       0 |   0.0 |       6 |       0 |   0.0
            +---------+---------+-------+---------+---------+-------
        D:1 |      12 |       0 |   0.0 |       6 |       0 |   0.0
            +---------+---------+-------+---------+---------+-------
